 Dungeon Crawl Stone Soup version 0.20.0-15-g7f486f2 (webtiles) character file.

133 vishdafish the Shield-Bearer (level 5, -4/49 HPs)
             Began as a Gargoyle Fighter on June 23, 2017.
             Slain by a gnoll
             ... wielding a +0 halberd
              (7 damage)
             ... on level 3 of the Dungeon.
             The game lasted 00:04:31 (1773 turns).

vishdafish the Shield-Bearer (Gargoyle Fighter)     Turns: 1773, Time: 00:04:32

Health: -4/49      AC: 12    Str: 24    XL:     5   Next: 16%
Magic:  5/5        EV:  8    Int:  9    God:
Gold:   108        SH: 10    Dex: 10    Spells: 4/4 levels left

rFire    . . .     SeeInvis .   a - +0 flail
rCold    . . .     Gourm    .   c - +0 shield
rNeg     + . .     Faith    .   b - +0 scale mail
rPois    ∞         Spirit   .   d - +0 helmet
rElec    +         Reflect  .   (no cloak)
rCorr    .         Harm     .   (no gloves)
MR       .....                  (no boots)
Stlth    ..........             (no amulet)
Regen    0.2/turn               (no ring)
MPRegen  0.1/turn               (no ring)

@: berserking, very quick
A: negative energy resistance 1, electricity resistance, unbreathing,
petrification resistance, rot immunity, AC +4
a: no special abilities


You were on level 3 of the Dungeon.
You were not hungry.

You visited 1 branch of the dungeon, and saw 3 of its levels.

You collected 108 gold pieces.

Inventory:

Hand Weapons
 a - a +0 flail (weapon)
Armour
 b - a +0 scale mail (worn)
 c - a +0 shield (worn)
 d - a +0 helmet (worn)
Scrolls
 h - 2 scrolls of remove curse
 i - 2 scrolls of identify {unknown}
 j - a scroll of magic mapping {unknown}
 k - a scroll of noise {unknown}
 l - a scroll of enchant armour {unknown}
 m - a scroll of enchant weapon {unknown}
 n - a scroll of teleportation {unknown}
 p - a scroll of immolation {unknown}
Potions
 e - a potion of flight {unknown}
 s - a potion of invisibility {unknown}
 t - a potion of brilliance {unknown}
 u - a potion of berserk rage
Comestibles
 f - 3 bread rations
 g - 5 fruits
 q - 2 royal jellies
 r - a meat ration


   Skills:
 + Level 3.9 Fighting
 + Level 3.2 Maces & Flails
 + Level 3.8 Armour
 + Level 1.0 Dodging
 + Level 4.2 Shields


You had 4 spell levels left.
You didn't know any spells.

Dungeon Overview and Level Annotations

Branches:
Dungeon (3/15)

Altars:
Yredelemnul


Innate Abilities, Weirdness & Mutations

You are resistant to torment.
Your stone body is resilient. (AC +4)
You are immune to poison.
You resist negative energy. (rN+)
You are resistant to electric shocks. (rElec)
You can survive without breathing.
You are immune to petrification.
You are immune to rotting.


Message History

You are too injured to fight recklessly!
You are too injured to fight recklessly!
You are too injured to fight recklessly!
You are too injured to fight recklessly!
You are too injured to fight recklessly!
You are too injured to fight recklessly!
You are too injured to fight recklessly!
You closely miss the gnoll.
The gnoll is severely wounded.
You block the gnoll's attack. The gnoll barely misses you.
You sock the gnoll!
You kill the gnoll!
The gnoll hits you from afar with a halberd!
* * * LOW HITPOINT WARNING * * *
It was a potion of berserk rage.
A red film seems to cover your vision as you go berserk!
You feel yourself moving faster!
You feel mighty! You block the gnoll's attack.
You feel a strong urge to attack something.
The gnoll hits you with a halberd!
You die...

## .# .# .# .# ###
###########.##
#########
###.###....).......#
#....<...
...#.##.########@#.#
#.######. #)###.#.#
#g# ## .## ##..# #.#
#.###...# #.#
##.#.#..# #.#
##†##..# #.#
##..<...# #.#
.....#.## #>#
##...#...


You could see a gnoll.

Vanquished Creatures
  Robin (D:3)
  2 gnolls (D:3)
  An adder (D:3)
  A worm (D:2)
  A leopard gecko (D:1)
  2 orcs (D:3)
  5 bats
  3 giant cockroaches
  19 goblins
  7 hobgoblins
  7 jackals
  14 kobolds
  2 quokkas (D:2)
  2 ball pythons
  2 frilled lizards
  11 rats
80 creatures vanquished.

Notes
Turn   | Place    | Note
-------+----------+-------------------------------------------
     0 | D:1      | vishdafish the Gargoyle Fighter began the quest for the Orb.
     0 | D:1      | Reached XP level 1. HP: 14/14 MP: 1/1
   171 | D:1      | Reached XP level 2. HP: 19/19 MP: 2/2
   455 | D:1      | Reached XP level 3. HP: 23/23 MP: 3/3
  1045 | D:2      | Reached XP level 4. HP: 22/29 MP: 4/4
  1145 | D:3      | Reached skill level 4 in Shields
  1216 | D:3      | Found a basalt altar of Yredelemnul.
  1303 | D:3      | Noticed Robin
  1392 | D:3      | Killed Robin
  1728 | D:3      | Reached skill level 1 in Dodging
  1749 | D:3      | Reached XP level 5. HP: 33/33 MP: 5/5
  1773 | D:3      | Slain by a gnoll

Skill      XL: |  1  2  3  4 |
---------------+-------------+-----
Shields        | 4 |  4.2
Maces & Flails | 3 |  3.2
Dodging        | 1 |  1.0
Fighting       | |  3.9
Armour         | |  3.8

Action                   |  1- 3 |  4- 6 || total
-------------------------+-------+-------++-------
Melee: Flail             |   172 |   105 ||   277
  Use: Scroll            |       |     2 ||     2
       Potion            |       |     2 ||     2
  Eat: Chunk             |       |     2 ||     2
       Bread ration      |       |     1 ||     1
Armor: Scale mail        |   112 |    65 ||   177
Dodge: Dodged            |    63 |    49 ||   112
Block: Shield            |    87 |    72 ||   159
